 Dungeon Crawl Stone Soup version 0.27-a0-1579-g97d2440184 (webtiles) character file.

Game seed: 7431989466929010424

819 bande the Chopper (level 7, -3/44 HPs)
             Began as a Gargoyle Fighter on July 18, 2021.
             Slain by Edmund (5 damage)
             ... on level 6 of the Dungeon.
             The game lasted 00:09:56 (4670 turns).

bande the Chopper (Gargoyle Fighter)                Turns: 4670, Time: 00:09:56

Health: -3/44      AC: 15    Str: 20    XL:     7   Next: 95%
Magic:  7/7        EV:  6    Int:  9    God:
Gold:   170        SH: 10    Dex: 10    Spells: 6/6 levels left

rFire    . . .     SeeInvis .   a - +1 war axe
rCold    . . .     Faith    .   c - +1 kite shield
rNeg     + . .     Spirit   .   n - +0 chain mail
rPois    ∞         Reflect  .   k - +0 helmet
rElec    +         Harm     .   (no cloak)
rCorr    .         Rampage  .   (no gloves)
Will     .....                  (no boots)
Stlth    ..........             (no amulet)
HPRegen  0.14/turn              (no ring)
MPRegen  0.10/turn              (no ring)

@: no status effects
A: sickness immunity, AC +4, negative energy resistance 1, electricity
resistance, torment resistance 1, petrification resistance, sense surroundings 1
a: no special abilities


You were on level 6 of the Dungeon.
You visited 1 branch of the dungeon, and saw 6 of its levels.

You collected 180 gold pieces.
You spent 10 gold pieces at shops.

Inventory:

Hand Weapons
 a - a +1 war axe (weapon)
 m - a +0 broad axe
Missiles
 o - 5 curare-tipped darts (quivered)
Armour
 c - a +1 kite shield (worn)
 k - a +0 helmet (worn)
 n - a +0 chain mail (worn)
Wands
 j - a wand of flame (43)
Scrolls
 b - 3 scrolls of teleportation
 e - a scroll of enchant armour
 f - 2 scrolls of enchant weapon
 h - 2 scrolls of fear
 l - a scroll of magic mapping
 p - a scroll of identify
 q - a scroll of amnesia
Potions
 d - a potion of might
 g - 2 potions of heal wounds
 i - 6 potions of curing


   Skills:
 + Level 4.5 Fighting
 + Level 5.5 Axes
 + Level 4.5 Armour
 + Level 1.2 Dodging
 + Level 5.1 Shields
 * Level 2.1 Evocations


You had 6 spell levels left.
You didn't know any spells.
Your spell library was empty.

Dungeon Overview and Level Annotations

Branches:
Dungeon (6/15)
 Temple: D:4-7

Altars:
Cheibriados
Sif Muna
Zin
The Shining One

Shops:
D:3 !

Annotations:
D:6 Edmund


Innate Abilities, Weirdness & Mutations

You are immune to sickness and miasma.
Your stone body is resilient. (AC +4)
You are immune to poison.
You resist negative energy. (rN+)
You are resistant to electric shocks. (rElec)
You are resistant to unholy torment.
You are immune to petrification.
You passively map a small area around you.


Message History

You block Edmund's attack.
You hit Edmund.
Edmund is heavily wounded.
Edmund says, "You wouldn't believe how much I paid for this flail."
You block Edmund's attack.
Edmund hits you with a +6 dire flail of holy wrath!
* * * LOW HITPOINT WARNING * * *
You slash Edmund!
Edmund is heavily wounded.
Edmund hits you with a +6 dire flail of holy wrath.
* * * LOW HITPOINT WARNING * * *
You slash Edmund!
Edmund is severely wounded.
Edmund hits you with a +6 dire flail of holy wrath.
* * * LOW HITPOINT WARNING * * *
You barely miss Edmund.
Edmund is severely wounded.
Edmund hits you but does no damage. You block Edmund's attack.
You hit Edmund but do no damage.
Edmund is severely wounded.
You block Edmund's attack.
Unknown command.
You feel much better. You block Edmund's attack.
You hit Edmund.
Edmund is almost dead.
You block Edmund's attack.
Edmund hits you with a +6 dire flail of holy wrath!
You barely miss Edmund.
Edmund is almost dead.
You block Edmund's attack.
You closely miss Edmund.
Edmund is almost dead.
Edmund hits you with a +6 dire flail of holy wrath!
* * * LOW HITPOINT WARNING * * *
You closely miss Edmund.
Edmund is almost dead.
Edmund hits you with a +6 dire flail of holy wrath.
* * * LOW HITPOINT WARNING * * *
Edmund hits you with a +6 dire flail of holy wrath.
You die...

, ##.#.#
##.## , ,
##..# #.#
, , * #.##
#.# ' #.#
#.# #.#
#.## ## *
#.# #... ,
, .. #.#
####
#####.##.#
,
#.....@@.#
..###.####
**** # * *
* * *


You could see Edmund.

Vanquished Creatures
  A black bear (D:4)
  A centaur (D:5)
  A phantom (D:5)
  A scorpion (D:6)
  A water moccasin skeleton (D:5)
  A howler monkey (D:6)
  2 hounds
  Jessica (D:3)
  A scorpion zombie (D:5)
  2 iguanas
  An orc wizard (D:4)
  2 hound zombies (D:5)
  A hound skeleton (D:4)
  Robin (D:3)
  4 gnolls (D:5)
  2 adders (D:3)
  A howler monkey skeleton (D:5)
  A white imp (D:6)
  An adder skeleton (D:4)
  5 dart slugs
  5 orcs
  5 endoplasms
  2 giant cockroaches
  24 goblins
  6 hobgoblins
  7 quokkas
  4 ball pythons
  11 bats
  6 frilled lizards
  7 kobolds
  6 rats
114 creatures vanquished.

Notes
Turn   | Place    | Note
-------+----------+-------------------------------------------
     0 | D:1      | bande the Gargoyle Fighter began the quest for the Orb.
     0 | D:1      | Reached XP level 1. HP: 14/14 MP: 1/1
    69 | D:1      | Found a faded altar of an unknown god.
   224 | D:1      | Reached XP level 2. HP: 19/19 MP: 2/2
   520 | D:1      | Reached XP level 3. HP: 23/23 MP: 3/3
  1258 | D:2      | Found a shimmering blue altar of Sif Muna.
  1488 | D:3      | Noticed Jessica
  1499 | D:3      | Killed Jessica
  1500 | D:3      | Reached XP level 4. HP: 29/29 MP: 4/4
  1766 | D:3      | Found Golups's Distillery.
  1880 | D:3      | Bought a potion of degeneration for 10 gold pieces
  1911 | D:3      | Noticed Robin
  1914 | D:3      | Found a glowing golden altar of the Shining One.
  2018 | D:2      | Reached XP level 5. HP: 32/33 MP: 5/5
  2058 | D:3      | Killed Robin
  2605 | D:4      | Gained mutation: You passively map a small area around you.
                  | [potion of mutation]
  2667 | D:4      | Noticed a black bear
  2808 | D:4      | Killed a black bear
  2809 | D:4      | Reached XP level 6. HP: 28/38 MP: 6/6
  3388 | D:4      | Found a snail-covered altar of Cheibriados.
  3457 | D:4      | Reached skill level 1 in Dodging
  3595 | D:5      | Entered Level 5 of the Dungeon
  3663 | D:5      | Reached skill level 1 in Evocations
  3663 | D:5      | Reached XP level 7. HP: 43/43 MP: 7/7
  4062 | D:5      | Reached skill level 5 in Axes
  4062 | D:5      | Reached skill level 5 in Shields
  4393 | D:6      | Found a glowing silver altar of Zin.
  4650 | D:6      | Noticed Edmund
  4663 | D:6      | HP: 2/44 [Edmund (4)]
  4670 | D:6      | HP: 2/44 [Edmund (6)]
  4670 | D:6      | Slain by Edmund

Illustrated notes

Levels and vault maps discovered:
D:1:      psy_arrival_conway, layout_basic, basic_ecumenical_altar
D:2:      layout_rooms, basic_altar, minmay_strange_pillars
D:3:      layout_basic, old_standard_altar, serial_shops,
          nicolae_shop_waterfront, uniq_robin, uniq_jessica
D:4:      layout_rooms, kennysheep_slug_shrine, minmay_misc_feat_enclosed,
          supply_closet_lemuel
D:5:      layout_gridville
D:6:      layout_loops_corners, overflow_temple_1_default, elyvilon_altar_5,
          ebering_ghost_xom, uniq_edmund, uniq_sigmund

Skill      XL: |  1  2  3  4  5  6  7 |
---------------+----------------------+-----
Axes           | 2 3 4 5 |  5.5
Shields        | 4 5 |  5.1
Fighting       | 4 |  4.5
Armour         | 4 |  4.5
Dodging        | 1 |  1.2
Evocations     | 1 2 |  2.1

Action                   |  1- 3 |  4- 6 |  7- 9 || total
-------------------------+-------+-------+-------++-------
Melee: War axe           |   133 |   155 |    79 ||   367
  Use: Scroll            |     8 |     1 |       ||     9
       Potion            |       |     1 |     1 ||     2
Armor: Scale mail        |    74 |    41 |       ||   115
       Chain mail        |       |    68 |    67 ||   135
Dodge: Dodged            |    52 |    49 |    22 ||   123
Block: Kite shield       |    86 |   128 |    59 ||   273

Table legend: (Time is in decaauts)
 A = Elapsed time spent in this place.
 B = Non-inter-level travel time spent in this place.
 C = Inter-level travel time spent in this place.
 D = Time resting spent in this place.
 E = Time spent auto-exploring this place.
 F = Levels seen in this place.
 G = Mean time per level.
                   A        B        C        D        E       F      G
               +--------+--------+--------+--------+--------+-----+--------+
         Total |   4887 |   4868 |     19 |   1066 |   2679 |   6 |  814.5 |
       Dungeon |   4887 |   4868 |     19 |   1066 |   2679 |   6 |  814.5 |
               +--------+--------+--------+--------+--------+-----+--------+

Top non-repeatable levels by time:
     D:3: 1187 daAuts
     D:1: 950 daAuts
     D:4: 919 daAuts
     D:5: 827 daAuts
     D:2: 710 daAuts
     D:6: 291 daAuts
